 Dungeon Crawl Stone Soup version 0.26-a0-863-g3bff4b215c (webtiles) character file.

Game seed: 16518159178224647576

1 Spectrina the Sneak (level 1, -9/17 HPs)
             Began as a Vampire Delver on Nov 26, 2020.
             Killed from afar by Maggie (10 damage)
             ... with a bolt of fire
             ... on level 6 of the Dungeon.
             The game lasted 00:01:15 (111 turns).

Spectrina the Sneak (Vampire Delver)                 Turns: 111, Time: 00:01:15

Health: -9/17      AC:  3    Str: 11    XL:     1   Next: 16%
Magic:  1/1        EV: 12    Int: 12    God:
Gold:   22         SH:  0    Dex: 15    Spells: 0/0 levels left

rFire    . . .     SeeInvis +   a - +0 short sword
rCold    . . .     Faith    .   (no shield)
rNeg     . . .     Spirit   .   b - +0 leather armour
rPois    .         Reflect  .   (no helmet)
rElec    .         Harm     .   (no cloak)
rCorr    .         Rampage  .   (no gloves)
MR       .....                  (no boots)
Stlth    +++.......             (no amulet)
HPRegen  0.25/turn              (no ring)
MPRegen  0.07/turn              (no ring)

@: mesmerised, regenerating quickly, hasted, very quick
A: fangs 3, see invisible, unbreathing
a: Exsanguinate


You were on level 6 of the Dungeon.
You visited 1 branch of the dungeon, and saw 2 of its levels.

You collected 22 gold pieces.

Inventory:

Hand Weapons
 a - a +0 short sword (weapon)
Missiles
 h - 20 stones (quivered)
 i - 6 boomerangs
Armour
 b - a +0 leather armour (worn)
Wands
 g - a wand of digging (3)
Scrolls
 c - a scroll of fog
 d - a scroll of magic mapping
 e - a scroll of fear
 j - a scroll of remove curse {unknown}


   Skills:
 - Level 2.6 Fighting
 + Level 2.2 Short Blades
 - Level 2.1 Dodging
 + Level 7.3 Stealth


You couldn't memorise any spells.
You didn't know any spells.
Your spell library was empty.

Dungeon Overview and Level Annotations

Branches:
Dungeon (6/15)
 Temple: D:4-7

Altars:

Annotations:
D:6 Maggie


Innate Abilities, Weirdness & Mutations

Your natural rate of healing is unusually fast.
You have razor-sharp teeth.
You have supernaturally acute eyesight. (SInv)
You can survive without breathing.


Message History

Maggie is lightly wounded.
Maggie hits you with a +1 broad axe of flaming!
Ouch! That really hurt!
* * * LOW HITPOINT WARNING * * *
Maggie burns you.
* * * LOW HITPOINT WARNING * * *
You hit Maggie.
Maggie is lightly wounded.
You hit Maggie but do no damage. Your bite misses Maggie.
Maggie is lightly wounded.
Maggie gestures wildly while chanting.
Maggie attempts to bespell you!
You are mesmerised by Maggie!
You hear a shout!
You barely miss Maggie. Your bite misses Maggie.
Maggie is lightly wounded.
Maggie casts a spell at you. The bolt of fire hits you!
Ouch! That really hurt!
You die...

######.........#
#.........#
#.........#
#.........#######
#...............#
######..........#
#...#####......#
#.......'......#
#.....@.#..(...#
#...###@#......#
#...#..........#
##..#..........#
####..........#
#....####'##
+....#....#
#....#....#
#c...###..#


You could see Maggie (mesmerising).

Vanquished Creatures
  A quokka (D:6)
1 creature vanquished.

Notes
Turn   | Place    | Note
-------+----------+-------------------------------------------
     0 | D:5      | Spectrina the Vampire Delver began the quest for the Orb.
     0 | D:5      | Reached XP level 1. HP: 17/17 MP: 1/1
     8 | D:5      | Noticed an orc priest
    12 | D:5      | Noticed an orc wizard
    47 | D:6      | Noticed Maggie
   102 | D:6      | Noticed a centaur
   111 | D:6      | Killed from afar by Maggie

Illustrated notes

Levels and vault maps discovered:
D:5:      layout_loops_corners, marbit_many_paths, serial_shops, shop_fountains,
          minmay_pentangle
D:6:      layout_gridville, nicolae_overflow_hidden_temple,
          portal_sewer_entry_b, uniq_maggie

Action                   || total
-------------------------++-------
Melee: Short sword       ||     7
  Use: Potion            ||     1
 Stab: Sleeping          ||     1
Dodge: Dodged            ||     1

Table legend: (Time is in decaauts)
 A = Elapsed time spent in this place.
 B = Non-inter-level travel time spent in this place.
 C = Inter-level travel time spent in this place.
 D = Time resting spent in this place.
 E = Time spent auto-exploring this place.
 F = Levels seen in this place.
 G = Mean time per level.
                   A        B        C        D        E       F      G
               +--------+--------+--------+--------+--------+-----+--------+
         Total |    106 |    106 |      0 |      0 |      0 |   2 |   53.0 |
       Dungeon |    106 |    106 |      0 |      0 |      0 |   2 |   53.0 |
               +--------+--------+--------+--------+--------+-----+--------+

Top non-repeatable levels by time:
     D:6: 89 daAuts
     D:5: 17 daAuts
